 Dungeon Crawl Stone Soup version 0.24-a0-525-g9231cdcba1 (webtiles) character file.

Game seed: 4291954085701504291

598242 Gynju the Hoplite (level 27, -3/165 HPs)
             Began as a Gargoyle Fighter on Aug 2, 2019.
             Was the Champion of Okawaru.
             Killed from afar by a Killer Klown (27 damage)
             ... with a klown pie
             ... on level 5 of the Realm of Zot on Aug 4, 2019.
             The game lasted 04:48:49 (73600 turns).

Gynju the Hoplite (Gargoyle Fighter)               Turns: 73600, Time: 04:48:50

Health: -3/165     AC: 54    Str: 44    XL:     27
Magic:  0/27       EV:  7    Int:  5    God:    Okawaru [******]
Gold:   1760       SH:  0    Dex:  7    Spells: 26/26 levels left

rFire    + + +     SeeInvis .   O - +5 eveningstar of Zaluq {venom, -Tele rF++ Str+5}
rCold    + + .     Gourm    .   k - +10 large shield of Ignorance {rN+ Int-4}
rNeg     + + +     Faith    .   e - +5 gold dragon scales
rPois    ∞         Spirit   +   q - +2 hat of the Bear Spirit {Spirit, +Rage rN+ MR++}
rElec    +         Reflect  .   B - scarf {rC+ rF+}
rCorr    .         Harm     .   c - +2 pair of gloves of Sin {rN++ Str+4}
MR       +++++     Rnd*Rage +   T - +1 pair of boots {run} Stlth ..........NoTele +
                                Z - amulet of Jaraf {+Rage rElec Slay+3}
HPRegen  0.37/turn              v - +6 ring of strength
MPRegen  0.20/turn              D - ring of protection from magic

@: no potions, flying, held, slowed, very slow
A: big wings, yellow scales 1, berserk 1, blurry vision 1, clumsy 1, deformed
body, dopey 1, frail 1, low mp 1, negative energy resistance 1, electricity
resistance, weak 1, unbreathing, petrification resistance, rot immunity, subdued
magic 1, AC +20
}: 3/15 runes: serpentine, barnacled, silver
a: Stop Flying, Heroism, Finesse, Renounce Religion, Evoke Berserk Rage


You were on level 5 of the Realm of Zot.
You worshipped Okawaru.
Okawaru was exalted by your worship.
You were not hungry.

You visited 10 branches of the dungeon, and saw 50 of its levels.
You visited 2 bazaars.
You also visited: Ice Cave.

You collected 6541 gold pieces.
You spent 4781 gold pieces at shops.

Inventory:

Hand Weapons
 j - a +8 demon whip of electrocution
 O - the +5 eveningstar of Zaluq (weapon) {venom, -Tele rF++ Str+5}
   (Okawaru gifted it to you in an ice cave)

   It poisons the flesh of those it strikes.
   It affects your strength (+5).
   It greatly protects you from fire.
   It prevents most forms of teleportation.
Missiles
 z - 14 silver javelins (quivered)
 C - 5 throwing nets
 V - 21 silver boomerangs
 Y - 4 boomerangs of dispersal
Armour
 c - the +2 pair of gloves of Sin (worn) {rN++ Str+4}
   (Okawaru gifted it to you on level 14 of the Dungeon)

   It affects your strength (+4).
   It greatly protects you from negative energy.
 e - +5 gold dragon scales (worn)
 k - the +10 large shield of Ignorance (worn) {rN+ Int-4}
   (You bought it in a shop on level 4 of the Vaults)

   It affects your intelligence (-4).
   It protects you from negative energy.
 q - the +2 hat of the Bear Spirit (worn) {Spirit, +Rage rN+ MR++}
   (You found it on level 11 of the Dungeon)

   It protects you from negative energy.
   It affects your resistance to hostile enchantments.
   It lets you go berserk.
 y - a +0 cloak of invisibility
 B - a scarf of resistance (worn)
 T - a +1 pair of boots of running (worn)
Jewellery
 u - the ring of Kuownaam {rN+ Str+4}
   (You took it off an ogre mage on level 5 of the Vaults)

   [ring of positive energy]

   It affects your strength (+4).
   It protects you from negative energy.
 v - a +6 ring of strength (left hand)
 D - a ring of protection from magic (right hand)
 F - an uncursed ring of see invisible
 H - a +3 ring of slaying
 P - an uncursed amulet of regeneration
 Z - the amulet of Jaraf (around neck) {+Rage rElec Slay+3}
   (You took it off a skeletal warrior on level 4 of the Vaults)

   [amulet of rage]

   It affects your accuracy and damage with ranged weapons and melee attacks
   (+3).
   It insulates you from electricity.
   It lets you go berserk.
Wands
 t - a wand of disintegration (8)
 x - a wand of polymorph (36)
 I - a wand of enslavement (24)
 K - a wand of digging (6)
 U - a wand of acid (17)
 X - a wand of paralysis (36)
Scrolls
 i - 19 scrolls of teleportation
 l - 4 scrolls of fog
 n - 2 scrolls of holy word
 p - 17 scrolls of remove curse
 w - a scroll of magic mapping
 E - 6 scrolls of fear
 G - 4 scrolls of blinking
 M - a scroll of silence
 Q - 6 scrolls of summoning
 S - 4 scrolls of identify
 W - a scroll of torment
Potions
 a - 7 potions of lignification
 d - 7 potions of might
 h - 8 potions of heal wounds
 m - 7 potions of mutation
 s - 2 potions of ambrosia
 A - 14 potions of curing
 J - 5 potions of agility
 L - 6 potions of haste
 N - 3 potions of invisibility
 R - a potion of resistance
Miscellaneous
 g - a lamp of fire
 o - a lightning rod (4/4)
 r - 2 phantom mirrors
Comestibles
 f - 88 rations


   Skills:
 + Level 22.1 Fighting
 - Level 16.0 Maces & Flails
 - Level 10.0 Throwing
 + Level 22.0 Armour
 + Level 17.7 Dodging
 + Level 23.2 Shields
 - Level 9.7 Invocations
 - Level 10.0 Evocations


You had 26 spell levels left.
You didn't know any spells.
Your spell library contained the following spells:

 Spells                   Type           Power        Failure   Level  Hunger
 Animate Skeleton         Necr           N/A          95%         1    ##.....
 Apportation              Tloc           #.....       95%         1    ##.....
 Beastly Appendage        Tmut           #.....       95%         1    ##.....
 Confusing Touch          Hex            #.....       95%         1    ##.....
 Flame Tongue             Conj/Fire      #....        95%         1    ##.....
 Magic Dart               Conj           #...         95%         1    ##.....
 Pain                     Necr           #...         95%         1    ##.....
 Sandblast                Erth           #.....       95%         1    ##.....
 Shock                    Conj/Air       #...         95%         1    ##.....
 Sting                    Conj/Pois      #...         95%         1    ##.....
 Summon Butterflies       Summ           #.......     95%         1    ##.....
 Summon Small Mammal      Summ           #...         95%         1    ##.....
 Blink                    Tloc           N/A          99%         2    ###....
 Call Imp                 Summ           #.......     99%         2    ###....
 Corpse Rot               Necr           N/A          99%         2    ###....
 Ensorcelled Hibernation  Hex/Ice        #.....       99%         2    ###....
 Passwall                 Tmut/Erth      #.......     99%         2    ###....
 Poisonous Vapours        Pois/Air       #.....       99%         2    ###....
 Searing Ray              Conj           #.....       99%         2    ###....
 Shroud of Golubria       Chrm/Tloc      #.....       99%         2    ###....
 Slow                     Hex            #.......     99%         2    ###....
 Sticks to Snakes         Tmut           #.......     99%         2    ###....
 Swiftness                Chrm/Air       #.......     99%         2    ###....
 Throw Frost              Conj/Ice       #.....       99%         2    ###....
 Call Canine Familiar     Summ           #.......     100%        3    ####...
 Confuse                  Hex            #.......     100%        3    ####...
 Conjure Flame            Conj/Fire      #.......     100%        3    ####...
 Dazzling Spray           Conj/Hex       #.....       100%        3    ####...
 Gell's Gravitas          Tloc           #.........   100%        3    ####...
 Ignite Poison            Fire/Tmut/Pois #.......     100%        3    ####...
 Lesser Beckoning         Tloc           #.........   100%        3    ####...
 Mephitic Cloud           Conj/Pois/Air  #.......     100%        3    ####...
 Recall                   Summ/Tloc      N/A          100%        3    ####...
 Spider Form              Tmut/Pois      #.........   100%        3    ####...
 Static Discharge         Conj/Air       #.......     100%        3    ####...
 Stone Arrow              Conj/Erth      #.....       100%        3    ####...
 Summon Guardian Golem    Hex/Summ       #.......     100%        3    ####...
 Teleport Other           Tloc           #.......     100%        3    ####...
 Airstrike                Air            #.........   100%        4    #####..
 Animate Dead             Necr           N/A          100%        4    #####..
 Cause Fear               Hex            #.........   100%        4    #####..
 Force Lance              Conj/Tloc      #.......     100%        4    #####..
 Fulminant Prism          Conj/Hex       #.........   100%        4    #####..
 Ice Form                 Ice/Tmut       #.......     100%        4    #####..
 Iskenderun's Mystic Bla  Conj           #.......     100%        4    #####..
 Olgreb's Toxic Radiance  Pois           #.......     100%        4    #####..
 Passage of Golubria      Tloc           N/A          100%        4    #####..
 Petrify                  Tmut/Erth      #.......     100%        4    #####..
 Sticky Flame             Conj/Fire      #.......     100%        4    #####..
 Summon Ice Beast         Ice/Summ       #.......     100%        4    #####..
 Summon Lightning Spire   Summ/Air       #.......     100%        4    #####..
 Agony                    Necr           #.......     100%        5    ######.
 Blade Hands              Tmut           #.........   100%        5    ######.
 Bolt of Draining         Conj/Necr      #.........   100%        5    ######.
 Bolt of Magma            Conj/Fire/Erth #.........   100%        5    ######.
 Borgnjor's Vile Clutch   Necr/Erth      #.........   100%        5    ######.
 Dispel Undead            Necr           #.......     100%        5    ######.
 Excruciating Wounds      Chrm/Necr      #.........   100%        5    ######.
 Fireball                 Conj/Fire      #.........   100%        5    ######.
 Iskenderun's Battlesphe  Conj/Chrm      #.......     100%        5    ######.
 Lee's Rapid Deconstruct  Erth           #.........   100%        5    ######.
 Lightning Bolt           Conj/Air       #.........   100%        5    ######.
 Metabolic Englaciation   Hex/Ice        #.........   100%        5    ######.
 Silence                  Hex/Air        #.........   100%        5    ######.
 Summon Mana Viper        Hex/Summ       #.......     100%        5    ######.
 Venom Bolt               Conj/Pois      #.........   100%        5    ######.
 Yara's Violent Unravell  Hex/Tmut       #.........   100%        5    ######.
 Bolt of Fire             Conj/Fire      #.........   100%        6    #######
 Darkness                 Hex            #.........   100%        6    #######
 Death Channel            Necr           #.........   100%        6    #######
 Invisibility             Hex            #.......     100%        6    #######
 Iron Shot                Conj/Erth      #.........   100%        6    #######
 Shadow Creatures         Summ           N/A          100%        6    #######
 Simulacrum               Ice/Necr       #.........   100%        6    #######
 Dragon Form              Tmut           #.........   100%        7    #######
 Orb of Destruction       Conj           #.........   100%        7    #######
 Ring of Flames           Chrm/Fire      #.........   100%        7    #######
 Spellforged Servitor     Conj/Summ      #.........   100%        7    #######
 Summon Hydra             Summ           #.........   100%        7    #######
 Ignition                 Fire           #.........   100%        8    #######
 Dragon's Call            Summ           #.........   100%        9    #######
 Sublimation of Blood     Necr           Unusable     N/A         2    N/A

Dungeon Overview and Level Annotations

Branches:
Dungeon (15/15)            Temple (1/1) D:4            Lair (6/6) D:8
 Shoals (4/4) Lair:2        Snake (4/4) Lair:2        Slime (0/5) Lair:6
    Orc (2/2) D:10            Elf (3/3) Orc:2        Vaults (5/5) D:14
  Crypt (0/3) Vaults:3     Depths (5/5) D:15            Zot (5/5) Depths:5

Altars:
Ashenzari
Cheibriados
Dithmenos
Elyvilon
Fedhas
Gozag
Hepliaklqana
Kikubaaqudgha
Makhleb
Nemelex Xobeh
Okawaru
Qazlal
Ru
Sif Muna
Trog
Uskayaw
Vehumet
Wu Jian
Xom
Yredelemnul
Zin
The Shining One
Beogh
Jiyva

Shops:
D:9 *   Orc:2 ![==   Elf:1 [?[[   Shoals:4 }   Snake:1 ==}   Snake:2 =[
Vaults:1 (   Vaults:3 :   Vaults:4 *   Depths:1 *   Depths:5 *

Portals:
Hell: Depths:1 Depths:2 Depths:3 Depths:4 Depths:5
Abyss: Depths:1 Depths:2 Depths:4
Pandemonium: Depths:1 Depths:3 Depths:4
Ziggurat: Depths:4

Annotations:
D:7 2 transporters, mora's ghost, novice OgTm
Lair:3 2 transporters
Lair:4 exclusion: 2 oklob plants
Shoals:2 Polyphemus
Vaults:3 Sojobo
Zot:1 3 runed translucent doors, Miewn's ghost, legendary DEFE


Innate Abilities, Weirdness & Mutations

You are resistant to torment.
Your stone body is resilient. (AC +20)
You are immune to poison.
Your large and strong wings let you fly indefinitely.
You resist negative energy. (rN+)
You are resistant to electric shocks. (rElec)
You can survive without breathing.
You are immune to petrification.
You are immune to rotting.
You are partially covered in yellow scales. (AC +2)
You tend to lose your temper in combat.
Scrolls take you a little longer to read.
You are clumsy. (Dex -2)
Armour fits poorly on your strangely shaped body.
You are dopey. (Int -2)
You are frail. (-10% HP)
Your magical capacity is low. (-10% MP)
You are weak. (Str -2)
Your spells are a little easier to cast, but a little less powerful.


Message History

* * * LOW HITPOINT WARNING * * *
The electric golem hits you but does no damage. x3
You struggle against the net.
The death cob hits you.
* * * LOW HITPOINT WARNING * * *
The death cob drains your vigour!
You feel as though you will be slow longer.
The orb of fire glows red.
The bolt of fire hits you. You resist.
* * * LOW HITPOINT WARNING * * *
The electric golem blinks!
The moth of wrath bites you but does no damage.
The death cob hits you but does no damage.
The orb of fire enters a dispersal trap!
The moth of wrath blinks!
The death cob blinks!
The yellow draconian blinks!
The orb of fire blinks! x2; The Killer Klown blinks!
The moth of wrath bites you!
* * * LOW HITPOINT WARNING * * *
The Killer Klown throws klown pie at you.
The klown pie hits you!!
Lemon!
You feel unable to drink.
You die...

.......# ##..............##
......## ##................##
......# ##...d.§.....(..../.##
.....## #.z..................#
.....# #.......^..(.........#
.....## #....§....§.p........#
......# #....................#
......## #......*§.^..........#
.......###.....§@§............#
#####...###....y.............##
##....##...*^......(....##
###.....8......§..(...##
#▓▓▓▓▓▓▓▓▓▓▓##.....▓▓
****,,,,,,,,.......▓*
***,,,,,,,,,,,,§......**
**,,,,,,,,,,,,,,.......,** ****
*,,,,,,,,,,,,,,,.......,,*


You could see 2 orbs of fire, a Killer Klown, an electric golem, a yellow
draconian, a death cob and a moth of wrath.

Vanquished Creatures
  An orb of fire (Zot:5)
  An ancient lich (Zot:5)
  Mara (Elf:3)
  Bai Suzhen (Elf:3)
  A caustic shrike (Depths:3)
  Saint Roka (Elf:3)
  6 golden dragons
  Nikola (Elf:2)
  An electric golem (Zot:5)
  11 tentacled monstrosities
  10 Orb Guardians (Zot:5)
  4 titans
  A lich (Depths:2)
  3 quicksilver dragons
  2 deep elf blademasters (Elf:3)
  2 deep elf master archers (Elf:3)
  A titan (shapeshifter) (Vaults:5)
  Frances (D:12)
  13 tengu reavers
  7 death cobs
  5 sphinxes
  9 nagarajas
  Donald (Orc:2)
  16 storm dragons
  Kirke (D:12)
  8 shadow dragons
  4 draconian monks
  9 fire giants
  A ghost moth (Zot:3)
  6 iron dragons
  A frost giant (shapeshifter) (Vaults:5)
  A balrug (Depths:4)
  5 draconian scorchers
  Louise (Depths:1)
  13 frost giants
  5 deep elf elementalists
  4 draconian shifters
  14 vault wardens
  10 deep elf sorcerers
  4 draconian knights
  An orc warlord (Orc:2)
  7 draconian stormcallers
  A ghoul (Vaults:4)
  17 stone giants
  4 draconian annihilators
  2 spriggan defenders
  10 ironheart preservers
  A war gargoyle (Vaults:4)
  An entropy weaver (Vaults:4)
  22 very ugly things
  4 deep elf demonologists (Elf:3)
  10 deep elf annihilators
  10 green draconians
  2 vampire knights (Depths:4)
  9 white draconians
  Azrael (Snake:1)
  10 purple draconians
  The ghost of Sassenached the Martial Artist, a journeyman DsTm of Okawaru (Lair:6)
  9 spark wasps
  4 yellow draconians
  10 red draconians
  4 black draconians
  14 ettins
  3 merfolk javelineers (Shoals:4)
  A blizzard demon (IceCv)
  A large abomination (Elf:3)
  6 fire dragons
  A green death (Depths:3)
  6 deep elf high priests
  8 deep elf death magi
  10 merfolk impalers
  17 yaktaur captains
  5 great orbs of eyes
  A great orb of eyes (shapeshifter) (Vaults:4)
  6 spriggan air magi
  29 vault guards
  6 hydras
  Fannar (D:12)
  6 rakshasas
  17 naga warriors
  12 ice dragons
  3 catoblepae
  A monstrous demonspawn (Depths:3)
  11 centaur warriors
  9 merfolk aquamancers
  2 death knights
  3 merfolk avatars
  2 alligator snapping turtles (Shoals:4)
  24 dancing weapons
  4 death yaks
  9 anacondas
  A vampire mage (Depths:5)
  46 two-headed ogres
  9 deep troll earth magi
  5 tengu warriors
  16 naga sharpshooters
  14 ogre magi
  6 deep troll shamans
  18 spriggan berserkers
  7 shock serpents
  Urug (D:11)
  A small abomination (Elf:3)
  6 orc high priests
  6 hell knights
  21 deep elf knights
  A soul eater (Depths:3)
  2 sun demons (Depths:4)
  2 iron trolls (Depths:2)
  4 skeletal warriors
  3 fire crabs (shapeshifter)
  13 sea snakes
  2 glowing orange brains
  7 salamander mystics
  27 deep trolls
  2 flayed ghosts
  An unseen horror (Vaults:1)
  An unseen horror (shapeshifter) (Vaults:2)
  7 naga ritualists
  6 deep elf archers
  14 ironbrand convokers
  A glowing orange brain (shapeshifter) (Vaults:4)
  20 harpies
  A swamp dragon (shapeshifter) (Vaults:5)
  2 wizards
  16 orc knights
  A lindwurm (Lair:6)
  A kraken simulacrum (Shoals:4)
  2 necromancers (Depths:3)
  A wolf spider zombie (D:15)
  An oklob plant (Lair:6)
  2 phantasmal warriors (Vaults:5)
  A manticore (shapeshifter) (Vaults:5)
  A shining eye (shapeshifter) (Vaults:5)
  64 deep elf magi
  3 orc sorcerers
  5 cyclopes
  13 manticores
  4 fauns
  12 mana vipers
  24 moths of wrath
  A moth of wrath (shapeshifter) (Vaults:5)
  5 wolf spiders
  56 ugly things
  7 merfolk sirens
  23 salamanders
  3 ice statues
  A black mamba (shapeshifter) (Depths:3)
  11 guardian serpents
  13 naga magi
  A rust devil (Depths:3)
  5 elephants (Lair:4)
  33 black mambas
  20 vault sentinels
  A centaur zombie (D:10)
  5 water nymphs
  A spiny frog (shapeshifter) (Depths:2)
  7 torpor snails (Lair:6)
  8 spiny frogs
  An orange demon (Depths:3)
  5 spectral swamp worms (Depths:1)
  3 gargoyles
  2 yaktaurs (shapeshifter)
  A kobold demonologist (D:14)
  5 centaur skeletons
  3 rime drakes
  5 tengu conjurers
  7 freezing wraiths
  37 yaktaurs
  10 komodo dragons
  An efreet (D:10)
  14 ice devils (IceCv)
  12 polar bears
  2 polar bears (shapeshifter)
  A queen bee (Lair:3)
  A queen bee (shapeshifter) (Vaults:4)
  34 merfolk
  3 jumping spiders (shapeshifter)
  15 hornets
  7 trolls
  4 tyrant leeches (Lair:6)
  25 blink frogs
  5 raiju (Lair:6)
  A blink frog (shapeshifter) (Vaults:4)
  3 dream sheep (Shoals:2)
  5 wind drakes
  2 raiju (shapeshifter)
  7 snapping turtles
  A hippogriff (shapeshifter) (Vaults:4)
  A human simulacrum (Vaults:2)
  34 slime creatures
  13 hippogriffs
  31 water elementals
  2 shadows (D:12)
  A wraith (D:14)
  4 air elementals
  5 spriggans
  A vampire (D:14)
  5 wyverns
  6 hogs (D:12)
  A basilisk (shapeshifter) (Vaults:4)
  2 basilisks
  2 yaks (shapeshifter)
  A golden eye (shapeshifter) (Depths:2)
  28 yaks
  3 fire elementals
  2 hungry ghosts
  2 yaktaur simulacra
  3 vampire mosquitoes (D:15)
  A swamp worm (shapeshifter) (Vaults:5)
  A redback simulacrum (D:15)
  4 wargs
  A warg (shapeshifter) (Depths:3)
  67 nagas
  2 soldier ants
  19 water moccasins
  A soldier ant (shapeshifter) (D:14)
  3 acid dragons
  A floating eye (Depths:3)
  15 hell hounds
  9 porcupines
  67 orc warriors
  A hornet zombie (D:15)
  A phantom (D:4)
  13 black bears
  4 sky beasts
  6 boggarts
  36 ogres
  24 wolves
  16 centaurs
  11 crocodiles
  Blork the orc (D:4)
  2 big kobolds
  16 bullfrogs
  A wyvern zombie (D:14)
  3 earth elementals
  A scorpion (D:7)
  14 killer bees
  16 wights
  2 electric eels (D:14)
  4 howler monkeys
  5 crimson imps
  2 quasits
  2 bullfrog zombies
  10 hounds
  3 jellies
  42 orc priests
  3 iron imps
  20 orc wizards
  A bullfrog skeleton (D:5)
  4 iguanas
  8 worker ants
  A killer bee zombie (D:5)
  2 hound skeletons (D:10)
  Robin (D:2)
  A howler monkey zombie (D:7)
  17 adders
  3 gnolls
  3 howler monkey skeletons
  4 shadow imps
  9 white imps
  10 ufetubi
  2 adder zombies
  4 adder skeletons
  2 worms
  A dart slug (D:2)
  4 leopard geckos
  98 orcs
  An orc (shapeshifter) (Vaults:5)
  8 bats
  4 giant cockroaches
  16 goblins
  9 hobgoblins
  24 jackals
  2 quokkas (D:7)
  4 ball pythons
  3 frilled lizards
  A jackal skeleton (D:7)
  5 kobolds
  2 leopard gecko zombies
  10 rats
  A rat (shapeshifter) (Vaults:5)
  A bush (Lair:6)
  3 plants
2258 creatures vanquished.

Vanquished Creatures (collateral kills)
  A bullfrog (Lair:1)
  A plant (Lair:1)
2 creatures vanquished.

Vanquished Creatures (others)
  Vashnia (Snake:4)
  A red draconian (Zot:1)
  A yaktaur captain (Vaults:2)
  A vault guard (Vaults:5)
  2 naga sharpshooters (Snake:4)
  An unseen horror (D:15)
  7 deep elf archers
  2 deep elf magi
  2 cyclopes
  A manticore (Shoals:4)
  A black mamba (Snake:3)
  A vault sentinel (Vaults:5)
  A yaktaur (Vaults:3)
  A tengu conjurer (Depths:3)
  A chaos spawn (Depths:3)
  A naga (Snake:3)
  An orc warrior (Elf:3)
  8 centaurs
  An earth elemental (Elf:2)
  An electric eel (D:14)
  3 white imps (IceCv)
  An ufetubus (IceCv)
  13 fungi
  33 plants
  12 tentacles (Shoals:4)
  2 withered plants (Lair:6)
100 creatures vanquished.

Grand Total: 2360 creatures vanquished

Notes
Turn   | Place    | Note
-------+----------+-------------------------------------------
     0 | D:1      | Gynju the Gargoyle Fighter began the quest for the Orb.
     0 | D:1      | Reached XP level 1. HP: 14/14 MP: 1/1
   288 | D:1      | Reached XP level 2. HP: 11/19 MP: 2/2
   978 | D:1      | Reached XP level 3. HP: 23/23 MP: 3/3
  1164 | D:2      | Reached XP level 4. HP: 24/28 MP: 4/4
  1219 | D:2      | Noticed Robin
  1665 | D:2      | Killed Robin
  1932 | D:2      | Reached skill level 5 in Maces & Flails
  1964 | D:2      | Reached XP level 5. HP: 32/32 MP: 5/5
  2025 | D:2      | Found a deep blue altar of Sif Muna.
  2075 | D:2      | Found an ornate altar of the Wu Jian Council.
  2132 | D:2      | Found a blossoming altar of Fedhas.
  3226 | D:3      | Reached XP level 6. HP: 36/37 MP: 6/6
  3485 | D:3      | Found a bloodstained altar of Trog.
  3544 | D:4      | Found a staircase to the Ecumenical Temple.
  3549 | D:4      | Found a sparkling altar of Nemelex Xobeh.
  3555 | Temple   | Entered the Ecumenical Temple
  3737 | Temple   | Became a worshipper of Warmaster Okawaru
  3885 | D:4      | Noticed a phantom
  3909 | D:4      | Killed a phantom
  4017 | D:4      | Noticed Blork the orc
  4033 | D:4      | Killed Blork the orc
  4220 | D:4      | Reached * piety under Okawaru
  4220 | D:4      | Reached XP level 7. HP: 41/41 MP: 7/7
  4454 | D:5      | Entered Level 5 of the Dungeon
  4568 | D:5      | Reached skill level 1 in Invocations
  5267 | D:5      | Found an ancient bone altar of Kikubaaqudgha.
  5571 | D:6      | Reached XP level 8. HP: 41/46 MP: 10/10
  5623 | D:6      | Reached ** piety under Okawaru
  6312 | D:6      | Identified the Incunabulum of the Mutagenic Arsonist
  6707 | D:7      | Reached skill level 1 in Dodging
  6856 | D:7      | Noticed mora's ghost (novice OgTm)
  6857 | D:7      | Noticed a yaktaur
  6871 | D:7      | Found a transporter.
  6874 | D:7      | Found a transporter.
  6878 | D:7      | Noticed a hippogriff
  6896 | D:7      | Reached XP level 9. HP: 49/52 MP: 12/12
  6931 | D:7      | Reached skill level 10 in Maces & Flails
  6931 | D:7      | Reached skill level 4 in Shields
  7476 | D:8      | Noticed a hornet
  7493 | D:8      | Reached *** piety under Okawaru
  7503 | D:8      | Killed a hornet
  7726 | D:8      | Reached skill level 5 in Fighting
  7726 | D:8      | Reached skill level 5 in Armour
  7835 | D:8      | Reached skill level 5 in Shields
  7890 | D:8      | Reached XP level 10. HP: 29/59 MP: 13/13
  8216 | D:8      | Found a sacrificial altar of Ru.
  8305 | D:8      | Reached **** piety under Okawaru
  8602 | D:8      | Found a staircase to the Lair.
  8847 | D:9      | Found Teozies's Assorted Antiques.
  9299 | D:9      | Reached skill level 6 in Shields
  9631 | Lair:1   | Entered Level 1 of the Lair of Beasts
  9631 | Lair:1   | Found a shattered altar of Ashenzari.
  9657 | D:8      | Reached ***** piety under Okawaru
  9695 | Lair:1   | Received a gift from Okawaru
 10276 | Lair:2   | Noticed a spiny frog
 10296 | Lair:1   | Killed a spiny frog
 10458 | Lair:1   | Reached skill level 1 in Evocations
 10544 | Lair:1   | Reached XP level 11. HP: 66/66 MP: 14/14
 10678 | Lair:2   | Received a gift from Okawaru
 10741 | Lair:2   | Reached skill level 5 in Invocations
 10796 | Lair:2   | Found a staircase to the Snake Pit.
 10826 | Lair:2   | Received a gift from Okawaru
 11201 | Lair:2   | Noticed a manticore
 11202 | Lair:2   | Found a staircase to the Shoals.
 11216 | Lair:2   | Killed a manticore
 11216 | Lair:2   | Reached skill level 7 in Shields
 13369 | Lair:2   | Reached XP level 12. HP: 67/72 MP: 16/16
 13475 | Lair:2   | Reached skill level 5 in Dodging
 13782 | Lair:3   | Found a transporter.
 14060 | Lair:3   | Found a transporter.
 14599 | Lair:4   | Noticed a catoblepas
 14629 | Lair:4   | Killed a catoblepas
 14864 | Lair:4   | Received a gift from Okawaru
 14890 | Lair:4   | Noticed a four-headed hydra
 14908 | Lair:4   | Killed a four-headed hydra
 15035 | Lair:4   | Reached skill level 8 in Shields
 15189 | Lair:4   | Noticed a seven-headed hydra
 15200 | Lair:4   | Killed a seven-headed hydra
 15898 | Lair:4   | Noticed a five-headed hydra
 15910 | Lair:4   | Killed a five-headed hydra
 15910 | Lair:4   | Received a gift from Okawaru
 16093 | Lair:4   | Reached XP level 13. HP: 71/79 MP: 15/18
 16596 | Lair:5   | Identified the Catalogue of Doomed Weightlessness
 17284 | Lair:5   | Received a gift from Okawaru
 17438 | Lair:6   | Entered Level 6 of the Lair of Beasts
 17641 | Lair:5   | Reached skill level 5 in Evocations
 17766 | Lair:6   | Reached skill level 9 in Shields
 17772 | Lair:6   | Found a viscous altar of Jiyva.
 17773 | Lair:6   | Found a staircase to the Slime Pits.
 17891 | Lair:6   | Found a runed translucent door.
 17892 | Lair:6   | Noticed Sassenached's ghost (journeyman DsTm)
 19102 | Lair:6   | Reached ****** piety under Okawaru
 19154 | Lair:6   | Received a gift from Okawaru
 19471 | Lair:6   | Reached skill level 10 in Fighting
 19519 | Lair:6   | Gained mutation: Your large and strong wings let you fly
                  | indefinitely. [Gargoyle growth]
 19519 | Lair:6   | Reached XP level 14. HP: 84/88 MP: 18/20
 19756 | Lair:6   | Found a runed translucent door.
 20258 | Lair:6   | Reached skill level 10 in Shields
 20266 | Lair:6   | Reached skill level 10 in Armour
 20545 | Lair:6   | Got a pair of slimy boots
 20556 | Lair:6   | Identified the +0 pair of boots of the Armoured One {*Slow
                  | +Blink Str+3 Int+6} (You found it on level 6 of the Lair of
                  | Beasts)
 20730 | Lair:6   | Killed Sassenached's ghost
 21075 | D:10     | Entered Level 10 of the Dungeon
 21086 | D:10     | Found a bloodstained altar of Trog.
 21200 | D:10     | Found a staircase to the Orcish Mines.
 21792 | Orc:1    | Entered Level 1 of the Orcish Mines
 21885 | Orc:2    | Entered Level 2 of the Orcish Mines
 22079 | Orc:1    | Received a gift from Okawaru
 22082 | Orc:1    | Got a bloodstained helmet {god gift}
 22093 | Orc:1    | Identified the +0 helmet "Risudystudgh" {Str+3} (Okawaru
                  | gifted it to you on level 1 of the Orcish Mines)
 22144 | Orc:2    | Found a staircase to the Elven Halls.
 22294 | Orc:2    | Noticed Donald
 22331 | Orc:2    | Killed Donald
 23893 | Orc:2    | Reached skill level 11 in Shields
 24369 | Orc:2    | Found Jemy's Distillery.
 24370 | Orc:2    | Found Qodur's Jewellery Emporium.
 24370 | Orc:2    | Found Folam's Armour Shoppe.
 24371 | Orc:2    | Found Muruyscha's Jewellery Shoppe.
 24584 | Orc:1    | Found a roughly hewn altar of Beogh.
 25126 | Orc:1    | Noticed an orc warlord
 25176 | Orc:2    | Killed an orc warlord
 25264 | Orc:1    | Reached XP level 15. HP: 95/95 MP: 21/21
 25309 | Orc:1    | Found a roughly hewn altar of Beogh.
 25323 | Orc:1    | Received a gift from Okawaru
 25336 | Orc:1    | Got a faintly glowing morningstar {god gift}
 25583 | Orc:1    | Identified the +1 morningstar of Exquisite Torment {holy,
                  | rF+ Dex+4} (Okawaru gifted it to you on level 1 of the
                  | Orcish Mines)
 26135 | D:11     | Found the +2 hat of the Bear Spirit {Spirit, +Rage rN+
                  | MR++}
 26276 | D:11     | Noticed Urug
 26286 | D:11     | Killed Urug
 26703 | D:12     | Noticed Fannar
 26708 | D:12     | Killed Fannar
 27218 | D:12     | Noticed Frances
 27241 | D:12     | Killed Frances
 27262 | D:12     | Noticed Kirke
 27406 | D:12     | Killed Kirke
 27807 | D:13     | Reached skill level 12 in Shields
 28015 | D:13     | Received a gift from Okawaru
 28401 | D:14     | Found a gate to the Vaults.
 28538 | D:14     | Found a gateway to a bazaar.
 29012 | D:14     | You are sucked into a shaft and drop 1 floor!
 29012 | D:15     | Entered Level 15 of the Dungeon
 29471 | D:15     | Found a staircase to the Depths.
 29747 | D:15     | Reached XP level 16. HP: 100/103 MP: 22/22
 30672 | D:14     | Received a gift from Okawaru
 30675 | D:14     | Got a pair of dazzling gloves {god gift}
 30686 | D:14     | Identified the +2 pair of gloves of Sin {rN++ Str+4}
                  | (Okawaru gifted it to you on level 14 of the Dungeon)
 31217 | Bazaar   | Entered a bazaar
 31217 | Bazaar   | Found Meag Taq's Antique Weapon Shoppe.
 31217 | Bazaar   | Found Leetexergh's Magic Scroll Emporium.
 31221 | Bazaar   | Found Zagga's General Store.
 31235 | Bazaar   | Found Bileuba Weph's Armour Emporium.
 31259 | Bazaar   | Bought a scroll of magic mapping for 49 gold pieces
 31259 | Bazaar   | Bought a scroll of remove curse for 42 gold pieces
 31259 | Bazaar   | Bought a scroll of immolation for 49 gold pieces
 31259 | Bazaar   | Bought a scroll of teleportation for 42 gold pieces
 31259 | Bazaar   | Bought a scroll of identify for 28 gold pieces
 31259 | Bazaar   | Bought a scroll of identify for 28 gold pieces
 31259 | Bazaar   | Bought a scroll of amnesia for 49 gold pieces
 31259 | Bazaar   | Bought a scroll of identify for 28 gold pieces
 31259 | Bazaar   | Bought a scroll of fog for 28 gold pieces
 31269 | Bazaar   | Bought a scroll of magic mapping for 35 gold pieces
 31269 | Bazaar   | Bought a ration for 50 gold pieces
 31269 | Bazaar   | Bought a ration for 50 gold pieces
 31269 | Bazaar   | Bought a scroll of identify for 20 gold pieces
 31481 | Snake:1  | Entered Level 1 of the Snake Pit
 31669 | Orc:2    | Bought a +2 amulet of reflection for 112 gold pieces
 31996 | Snake:1  | Reached skill level 10 in Dodging
 32169 | Snake:1  | Reached skill level 13 in Shields
 32705 | Snake:1  | Noticed Azrael
 32716 | Snake:1  | Killed Azrael
 32994 | Snake:1  | Found Yviyntej's Gadget Emporium.
 32995 | Snake:1  | Found Aschoica's Jewellery Shop.
 32995 | Snake:1  | Found Qaletirr's Jewellery Shop.
 33024 | Snake:1  | Reached skill level 14 in Shields
 33540 | Snake:2  | Received a gift from Okawaru
 33687 | Snake:2  | Noticed a nagaraja
 33702 | Snake:2  | Killed a nagaraja
 33732 | Snake:2  | Reached skill level 15 in Shields
 33901 | Snake:2  | You are sucked into a shaft and drop 1 floor!
 33901 | Snake:3  | Found a frozen archway.
 33920 | IceCv    | Entered an ice cave
 33977 | IceCv    | Reached skill level 1 in Throwing
 34111 | IceCv    | Reached XP level 17. HP: 78/109 MP: 18/24
 34144 | IceCv    | Received a gift from Okawaru
 34145 | IceCv    | Got a blackened eveningstar {god gift}
 34474 | IceCv    | Identified the +5 eveningstar of Zaluq {venom, -Tele rF++
                  | Str+5} (Okawaru gifted it to you in an ice cave)
 34989 | Snake:3  | Received a gift from Okawaru
 35820 | Snake:2  | Found a sacrificial altar of Ru.
 35882 | Snake:2  | Found Iniot's Antique Armour Emporium.
 35882 | Snake:2  | Found Giylu's Jewellery Shoppe.
 36308 | Snake:2  | Reached skill level 15 in Maces & Flails
 36701 | Snake:4  | Entered Level 4 of the Snake Pit
 37192 | Snake:4  | Noticed Vashnia
 37333 | Snake:4  | Killed Vashnia
 37452 | Snake:4  | Reached XP level 18. HP: 82/115 MP: 19/25
 37571 | Snake:4  | Reached skill level 16 in Shields
 37879 | Snake:4  | Received a gift from Okawaru
 38296 | Snake:4  | Reached skill level 17 in Shields
 38787 | Snake:4  | Got a serpentine rune of Zot
 38977 | Shoals:1 | Entered Level 1 of the Shoals
 39196 | Shoals:1 | You fall into a shaft and drop 1 floor!
 39449 | Shoals:1 | Reached skill level 18 in Shields
 39891 | Shoals:2 | Noticed Polyphemus
 40311 | Shoals:2 | Received a gift from Okawaru
 40899 | Shoals:3 | Received a gift from Okawaru
 41164 | Shoals:3 | Received a gift from Okawaru
 41358 | Shoals:3 | Reached XP level 19. HP: 120/120 MP: 26/26
 41915 | Shoals:4 | Entered Level 4 of the Shoals
 41987 | Shoals:4 | Reached skill level 19 in Shields
 42415 | Shoals:4 | Received a gift from Okawaru
 42805 | Shoals:4 | Found Pesheagg's Gadget Emporium.
 42951 | Shoals:4 | Reached skill level 5 in Throwing
 42963 | Shoals:4 | Received a gift from Okawaru
 43005 | Shoals:4 | Got a barnacled rune of Zot
 43314 | Shoals:4 | Found an ancient bone altar of Kikubaaqudgha.
 44076 | Elf:1    | Entered Level 1 of the Elven Halls
 44105 | Elf:1    | Received a gift from Okawaru
 44130 | Elf:1    | Found Deishurch's Antique Armour Shoppe.
 44130 | Elf:1    | You are sucked into a shaft and drop 1 floor!
 44146 | Elf:1    | Found Homewnua's Magic Scroll Boutique.
 44202 | Elf:1    | Found a flickering gateway to a bazaar.
 44256 | Bazaar   | Entered a bazaar
 44260 | Bazaar   | Found Aneczulu's Jewellery Emporium.
 44279 | Bazaar   | Found Liveppue's Magic Scroll Boutique.
 44279 | Bazaar   | Found Citauden's General Store.
 44298 | Bazaar   | Found Huoseuwa's Antique Weapon Emporium.
 44309 | Bazaar   | Found Buvist's Antique Armour Shop.
 44341 | Bazaar   | Bought a scroll of teleportation for 45 gold pieces
 44341 | Bazaar   | Bought a scroll of enchant weapon for 112 gold pieces
 44341 | Bazaar   | Bought a scroll of enchant armour for 112 gold pieces
 44341 | Bazaar   | Bought a scroll of magic mapping for 52 gold pieces
 44341 | Bazaar   | Bought a scroll of holy word for 112 gold pieces
 44460 | Elf:1    | Identified the Disquisition on Attacks
 44661 | Elf:1    | Found Huloemiw's Antique Armour Emporium.
 44766 | Elf:1    | Found Kegilin's Armour Shoppe.
 45386 | Elf:1    | Received a gift from Okawaru
 45407 | Elf:2    | Reached XP level 20. HP: 107/128 MP: 22/27
 45614 | Elf:2    | Reached skill level 20 in Shields
 45916 | Orc:2    | Bought +0 gold dragon scales for 1280 gold pieces
 46303 | Elf:2    | Found a runed translucent gate.
 46303 | Elf:2    | Found a runed translucent gate.
 46310 | Elf:2    | Found a runed translucent gate.
 46813 | Elf:2    | Received a gift from Okawaru
 47164 | Elf:2    | Noticed Nikola
 47192 | Elf:2    | Killed Nikola
 47398 | Elf:3    | Entered Level 3 of the Elven Halls
 47613 | Elf:3    | Noticed Bai Suzhen
 47633 | Elf:3    | Killed Bai Suzhen
 47633 | Elf:3    | Reached skill level 15 in Fighting
 47751 | Elf:3    | Noticed Mara
 47753 | Elf:3    | Noticed Gynju's illusion
 47808 | Elf:3    | Killed Mara
 47808 | Elf:3    | Reached skill level 15 in Armour
 47980 | Elf:3    | Received a gift from Okawaru
 48917 | Elf:3    | Identified the ring "Giafaux" {*Tele *Drain rF+ Dex+3}
 48920 | Elf:3    | Reached XP level 21. HP: 133/135 MP: 28/28
 48940 | Elf:3    | Identified the +4 scale mail of the Apprentice {rC+ Int+4
                  | Dex+7}
 48946 | Elf:3    | Identified the +6 glaive "Luhiant" {chop, rN+}
 48954 | Elf:3    | Identified the cursed +2 morningstar "Pelem" {crush, Str+3}
 49554 | Elf:3    | Identified the +7 arbalest "Oduh" {elec, rC+ MR+ Str+4
                  | Stlth+}
 49554 | Elf:3    | Noticed Saint Roka
 49554 | Elf:3    | Identified the +8 hunting sling "Ytodeh" {freeze, rF+ rC+
                  | rN+ Str-3}
 49742 | Elf:3    | Killed Saint Roka
 49925 | Elf:3    | Received a gift from Okawaru
 49930 | Elf:3    | Identified the -5 pair of gloves of Past Mistakes {*Contam
                  | rElec Int+5 Stlth+} (Okawaru gifted it to you on level 3 of
                  | the Elven Halls)
 50509 | Vaults:1 | Entered Level 1 of the Vaults
 51674 | Vaults:1 | Found Noomiuq's Antique Weapon Boutique.
 52133 | Vaults:1 | Received a gift from Okawaru
 52167 | Vaults:1 | Got a pair of heavily runed boots {god gift}
 52168 | Vaults:1 | Identified the +0 pair of boots "Uddyrux" {rF++ Dex+2}
                  | (Okawaru gifted it to you on level 1 of the Vaults)
 52567 | Vaults:2 | Reached XP level 22. HP: 137/143 MP: 27/29
 52991 | Vaults:2 | Reached skill level 10 in Throwing
 53638 | Vaults:2 | You are sucked into a shaft and drop 2 floors!
 53698 | Vaults:4 | Received a gift from Okawaru
 53702 | Vaults:4 | Identified the +5 ring mail "Gaenoifia" {+Blink rF+}
                  | (Okawaru gifted it to you on level 4 of the Vaults)
 53820 | Vaults:4 | Identified the amulet of Jaraf {+Rage rElec Slay+3}
 54327 | Vaults:3 | Identified the cursed +0 great sword "Baiqafirgh" {slice,
                  | rC+ Int+2 Dex+4} (You found it on level 3 of the Vaults)
 54499 | Vaults:3 | Noticed Sojobo
 54854 | Vaults:3 | Found Ciegredukk's Book Shop.
 55019 | Vaults:4 | Reached skill level 10 in Evocations
 55106 | Vaults:4 | Found Rorugul's Assorted Antiques.
 55122 | Vaults:4 | Bought a scroll labeled ESYMAE ONYN for 29 gold pieces
 55207 | Vaults:4 | Received a gift from Okawaru
 55820 | Vaults:4 | Bought the +10 large shield of Ignorance {rN+ Int-4} for
                  | 1661 gold pieces
 55820 | Vaults:4 | Found the +10 large shield of Ignorance {rN+ Int-4}
 55947 | Vaults:3 | Reached XP level 23. HP: 150/150 MP: 30/30
 56364 | Depths:1 | Entered Level 1 of the Depths
 56424 | Depths:1 | Noticed Louise
 56467 | Depths:1 | Killed Louise
 56480 | Depths:1 | Found a one-way gate to the infinite horrors of the Abyss.
 56722 | Depths:1 | Found a gateway to Hell.
 56752 | Depths:1 | Found a one-way gate leading to the halls of Pandemonium.
 56764 | Depths:1 | Found Yckynk's General Store.
 57028 | Depths:1 | Found a sparkling altar of Nemelex Xobeh.
 57711 | Depths:2 | Found a shimmering altar of Xom.
 57724 | Depths:2 | Received a gift from Okawaru
 58408 | Depths:3 | Found a white marble altar of Elyvilon.
 58857 | Depths:3 | Received a gift from Okawaru
 58905 | Depths:3 | Noticed a caustic shrike
 58926 | Depths:3 | Killed a caustic shrike
 59168 | Depths:2 | Received a gift from Okawaru
 59288 | Depths:3 | Reached XP level 24. HP: 149/159 MP: 28/30
 59329 | Depths:3 | Found the +8 Wrath of Trog {antimagic, *Rage}
 60442 | Depths:4 | Received a gift from Okawaru
 60864 | Depths:4 | Reached skill level 15 in Dodging
 61094 | Depths:4 | Received a gift from Okawaru
 61111 | Depths:4 | Identified a +1 pair of boots of running (Okawaru gifted it
                  | to you on level 4 of the Depths)
 61856 | Depths:4 | Found a gateway to a ziggurat.
 62116 | Depths:5 | Entered Level 5 of the Depths
 62757 | Depths:5 | Found Duacrenu's General Store.
 63261 | Depths:5 | Reached XP level 25. HP: 166/166 MP: 30/30
 63305 | Depths:5 | Received a gift from Okawaru
 63425 | Depths:5 | Reached skill level 21 in Shields
 63472 | Depths:5 | Found a gate to the Realm of Zot.
 64759 | Vaults:5 | Entered Level 5 of the Vaults
 64999 | Vaults:5 | Identified the +10 short sword "Ympag" {vamp, Int-4 Dex+4}
 65159 | Vaults:4 | Received a gift from Okawaru
 65166 | Vaults:4 | Identified the +10 plate armour of Valiance {rN+ Str+2
                  | Int+5 Dex-2} (Okawaru gifted it to you on level 4 of the
                  | Vaults)
 65368 | Vaults:5 | Gained mutation: Your spells are a little easier to cast,
                  | but a little less powerful. [a shining eye]
 65371 | Vaults:5 | Gained mutation: You tend to lose your temper in combat. [a
                  | shining eye]
 65515 | Vaults:5 | Noticed a shard shrike
 65515 | Vaults:5 | Noticed a juggernaut
 65515 | Vaults:5 | a shard shrike changed into a juggernaut
 65518 | Vaults:5 | Noticed a juggernaut
 65520 | Vaults:5 | Noticed a shard shrike
 65520 | Vaults:5 | a juggernaut changed into a shard shrike
 65522 | Vaults:5 | a shard shrike changed into a titan
 65524 | Vaults:5 | Noticed a shard shrike
 65527 | Vaults:5 | a shard shrike changed into a titan
 66148 | Vaults:5 | Reached XP level 26. HP: 163/175 MP: 30/30
 66161 | Vaults:5 | Received a gift from Okawaru
 66780 | Vaults:5 | Got a silver rune of Zot
 66826 | Vaults:5 | Identified the ring of Kuownaam {rN+ Str+4}
 66827 | Vaults:5 | Identified the +6 morningstar "Eviscerator" {freeze, MP+9}
 66842 | Vaults:5 | Reached skill level 22 in Shields
 67909 | Zot:1    | Entered Level 1 of the Realm of Zot
 68439 | D:9      | Bought 2 potions of mutation for 480 gold pieces
 68552 | Orc:2    | Bought a potion of haste for 160 gold pieces
 68552 | Orc:2    | Bought a potion of mutation for 128 gold pieces
 68825 | Depths:5 | Lost mutation: You tend to lose your temper in combat.
                  | [potion of mutation]
 68825 | Depths:5 | Lost mutation: Your spells are a little easier to cast, but
                  | a little less powerful. [potion of mutation]
 68825 | Depths:5 | Gained mutation: Your natural rate of healing is unusually
                  | fast. [potion of mutation]
 68825 | Depths:5 | Gained mutation: Your spells are a little easier to cast,
                  | but a little less powerful. [potion of mutation]
 68825 | Depths:5 | Gained mutation: You are partially covered in yellow
                  | scales. (AC +2) [potion of mutation]
 69731 | Zot:1    | Found a runed translucent gate.
 69732 | Zot:1    | Found a runed translucent gate.
 69733 | Zot:1    | Found a runed translucent gate.
 69733 | Zot:1    | Noticed Miewn's ghost (legendary DEFE)
 70017 | Zot:2    | Received a gift from Okawaru
 70208 | Zot:2    | Received a gift from Okawaru
 71181 | Zot:3    | Reached XP level 27. HP: 183/183 MP: 2/30
 71465 | Zot:3    | Received a gift from Okawaru
 71468 | Zot:3    | Identified the +7 ice dragon scales of Soqubygof {rF- rC++
                  | Str+3 Dex-4 Stlth+} (Okawaru gifted it to you on level 3 of
                  | the Realm of Zot)
 72966 | Zot:5    | Entered Level 5 of the Realm of Zot
 72977 | Zot:4    | Reached skill level 23 in Shields
 73360 | Zot:5    | Received a gift from Okawaru
 73387 | Zot:5    | Noticed an ancient lich
 73396 | Zot:5    | Killed an ancient lich
 73518 | Zot:5    | Noticed an orb of fire
 73518 | Zot:5    | Gained mutation: You are weak. (Str -2) [an orb of fire]
 73530 | Zot:5    | Noticed an orb of fire
 73552 | Zot:5    | Noticed an orb of fire
 73564 | Zot:5    | Gained mutation: You are frail. (-10% HP) [an orb of fire]
 73569 | Zot:5    | Gained mutation: You are dopey. (Int -2) [an orb of fire]
 73570 | Zot:5    | Gained mutation: You are clumsy. (Dex -2) [an orb of fire]
 73576 | Zot:5    | Gained mutation: You tend to lose your temper in combat.
                  | [an orb of fire]
 73581 | Zot:5    | Killed an orb of fire
 73583 | Zot:5    | Gained mutation: Armour fits poorly on your strangely
                  | shaped body. [an orb of fire]
 73585 | Zot:5    | Lost mutation: Your natural rate of healing is unusually
                  | fast. [an orb of fire]
 73597 | Zot:5    | Gained mutation: Scrolls take you a little longer to read.
                  | [an orb of fire]
 73599 | Zot:5    | Gained mutation: Your magical capacity is low. (-10% MP)
                  | [an orb of fire]
 73599 | Zot:5    | Noticed an orb of fire
 73600 | Zot:5    | Killed from afar by a Killer Klown

Levels and vault maps discovered:
D:1:      minmay_arrival_loop, layout_loops_cross, minmay_distorted
D:2:      layout_basic, old_standard_altar, fedhas_altar_1,
          lemuel_blue_sif_altar, first_ration, uniq_robin
D:3:      layout_loops_cross, lemuel_coloured_pillars_altar
D:4:      layout_basic, nemelex_xobeh_ov_fountains_minmay,
          minmay_temple_entry_overgrown, uniq_blork_the_orc
D:5:      layout_loops_ring, kennysheep_mini_moat,
          eino_small_chamber_without_monster
D:6:      layout_rooms
D:7:      layout_gridville, gammafunk_ghost_arena, kennysheep_another_room,
          hangedman_decor_lopped
D:8:      layout_rooms, nicolae_ru_awakened_eye, grunt_lair_entry_orc_guard_hut
D:9:      layout_basic, serial_shops, kennysheep_little_box
D:10:     minmay_clustersquares, layout_small_grid, orc_0_dummy,
          trog_ov_bears_minmay
D:11:     layout_loops_ring, uniq_urug
D:12:     layout_roguey, uniq_frances, uniq_fannar, uniq_kirke
D:13:     layout_cross, blue_anna_alchemist [blue_anna_fruit_fields,
          blue_anna_fruit_fields]
D:14:     layout_roguey, david_vaults_2, chequers_big_river, serial_shops,
          statue_bzr
D:15:     hangedman_depths_entry_civil_slaughter, layout_loops_cross,
          roderic_serpentine_path
Temple:   regret_index_temple_generic_petals
Lair:1:   layout_misc_corridors, basic_altar, chequers_serial_rivers_room_b,
          grunt_forest_small_clearings
Lair:2:   beast_lair_carwin_large_3, layout_loops_ring,
          minmay_shoals_entry_beasts, minmay_snake_entry_six_corridors
Lair:3:   gammafunk_cloud_chamber, layout_cave_pods, special_room
          [special_room_bee], grunt_megastairs_2, lemuel_fruit_tree,
          serial_bayou_shore_b
Lair:4:   layout_long_grid, minmay_lair_oklob_chamber
Lair:5:   layout_regular_city, st_stairs_7
Lair:6:   hangedman_lair_caniforms_friends, layout_cave_pods, wormcave,
          slime_altar_1, gammafunk_ghost_grave, minmay_lair_oklob_bushes,
          chequers_serial_rivers_small_3
Shoals:1: layout_shoals
Shoals:2: layout_shoals, uniq_polyphemus
Shoals:3: cheibrodos_shoals_baths, layout_shoals
Shoals:4: shoals_end_grunt_ice, layout_shoals, serial_shops,
          nicolae_shop_behind_doors, lemuel_centaur_altar
Snake:1:  layout_cave_pods, minmay_shop_grove, uniq_azrael
Snake:2:  layout_chambers, basic_altar, st_stairs_10, minmay_shoptagon
Snake:3:  layout_cave_town, portal_ice_cave_entry_pillars_three
Snake:4:  johnstein_snake_rune_scales, layout_cave_town
Orc:1:    orc_temple, layout_caves, basic_altar, mines_bat_river
Orc:2:    st_orc_pillars, layout_caves, uniq_donald
Elf:1:    eino_elf_arrival_customs, layout_gridlike, serial_shops,
          bzr_entry_road, shop, nicolae_shop_stone, shop,
          nicolae_shop_waterfront, minmay_elf_annihilation
Elf:2:    layout_loops_ring, st_stairs_10, uniq_nikola
Elf:3:    elf_hall, layout_gridlike, uniq_bai_suzhen, uniq_saint_roka, uniq_mara
Vaults:1: st_lattice, nicolae_vaults_little_squares_1,
          grunt_vaults_hallway_long, vaults_mumra_hexcomb,
          nicolae_vaults_ring_of_whatevers, grunt_vaults_hallway_short,
          hangedman_vaults_unwind, v_misc_17, nicolae_vaults_triangles,
          v_misc_10, grunt_vaults_funnel, nicolae_vaults_border_crossing,
          nicolae_vaults_little_squares_5, vaults_room_hallway,
          layout_vaults_big_room, serial_shops, shop
Vaults:2: hangedman_vaults_pinch, nicolae_vaults_know_your_exits,
          v_alt_pattern_5, ontoclasm_vaults_chip, nicolae_vaults_specimen_jars,
          layout_vaults_quadrants
Vaults:3: v_rooms_3, grunt_vaults_diagonal, minmay_crypt_entry_necro_gods,
          vaults_room_pool, nicolae_vaults_alarming, vaults_room_hallway,
          v_misc_33, vaults_dpeg_cross, ontoclasm_vaults_hangar,
          v_alt_pattern_6, vaults_room_stairs_pillars, v_pattern_1,
          ontoclasm_vaults_pinch, v_misc_24, layout_vaults_maze, serial_shops,
          nicolae_shop_behind_doors, uniq_sojobo
Vaults:4: nicolae_vaults_diagonal_hallway_6, v_alt_pattern_2, st_octagons_2,
          nicolae_vaults_network_square, ontoclasm_vaults_fault,
          vaults_mumra_chevron, nicolae_vaults_rhombus_6,
          ontoclasm_vaults_decontamination, v_alt_pattern_1,
          ontoclasm_vaults_ligature, v_misc_17, layout_vaults_ring,
          serial_shops, nicolae_shop_stone
Vaults:5
Depths:1: layout_cave_pools, serial_shops, shop, pf_hell_entry_tar_river,
          serial_bayou_shore_b, pan_entry,
          nicolae_abyss_entry_one_way_or_another, nemelex_diamond_rough_becter
Depths:2: kennysheep_cluttered_fort, layout_cave_shapes, hell_entry,
          abyss_entry, lemuel_round_altar, infiniplex_staircase_pillars_3b
Depths:3: evilmike_lava_path, layout_basic, grunt_pan_entry_sceptre, hell_entry,
          basic_altar, minmay_guarded_unrand_wrath_of_trog
Depths:4: minmay_the_grid_octo_2x2 [minmay_the_grid_octo_77,
          minmay_the_grid_octo_checkerflower, minmay_the_grid_octo_fan_narrow,
          minmay_the_grid_octo_prize_ultimate_mussel_roller],
          layout_cave_shapes, enter_ziggurat_b, grunt_pan_entry_in_and_out,
          abyss_entry, lightli_too_deep, glass_columns_b
Depths:5: grunt_zot_entry_funnels, layout_basic, grunt_hell_entry_dis_grunt,
          minmay_strange_pillars, serial_shops, nicolae_shop_waterfront
Zot:1:    layout_cathedral_of_symmetry, gammafunk_ghost_necromancy,
          hangedman_zot_decor_scrapings
Zot:2:    layout_misc_corridors
Zot:3:    kennysheep_spiral_hall, layout_basic
Zot:4:    layout_cathedral_of_symmetry, lemuel_elevator
Zot:5:    layout_cathedral_of_symmetry

Skill      XL: |  1  2  3  4  5  6  7  8  9 10 11 12 13 14 15 16 17 18 19 20 21 22 23 24 25 26 27 |
---------------+----------------------------------------------------------------------------------+-----
Maces & Flails | 3 4 5 6 7 8 9 10 11 12 13 15 16 | 16.0
Invocations    | 2 4 6 7 8 9 |  9.7
Dodging        | 1 2 4 5 6 8 9 10 11 12 13 14 15 16 17 | 17.7
Fighting       | 5 6 7 8 10 11 12 13 14 15 16 17 18 19 20 21 22 | 22.1
Armour         | 5 6 7 8 9 11 12 13 14 15 16 17 18 19 20 21 22 | 22.0
Shields        | 5 6 7 8 9 11 12 15 18 19 20 21 22 23 | 23.2
Evocations     | 1 3 4 5 7 10 | 10.0
Throwing       | 1 3 5 8 9 10 | 10.0

Action                   |  1- 3 |  4- 6 |  7- 9 | 10-12 | 13-15 | 16-18 | 19-21 | 22-24 | 25-27 || total
-------------------------+-------+-------+-------+-------+-------+-------+-------+-------+-------++-------
Melee: Flail             |   100 |   339 |   392 |   877 |   127 |       |       |       |       ||  1835
       Demon whip        |       |       |       |       |  1607 |  1575 |  1959 |  2039 |  1845 ||  9025
       Eveningstar       |       |       |       |       |       |   397 |       |       |   121 ||   518
Throw: Dart              |       |     4 |       |       |       |       |       |       |       ||     4
       Boomerang         |       |       |       |    42 |    29 |     4 |     5 |       |       ||    80
       Javelin           |       |       |       |       |       |       |     5 |     1 |    21 ||    27
Invok: Heroism           |       |       |     1 |     4 |    14 |     4 |     2 |     4 |     1 ||    30
       Finesse           |       |       |       |     4 |     9 |     4 |     2 |     4 |     1 ||    24
 Abil: Evoke Invisibilit |       |       |       |       |     4 |       |     1 |     1 |       ||     6
       Fly               |       |       |       |       |     1 |     1 |       |       |       ||     2
       Evoke Blink       |       |       |       |       |       |     2 |       |       |       ||     2
       Stop Flying       |       |       |       |       |       |     1 |       |       |       ||     1
  Use: Scroll            |       |       |       |    28 |    13 |     9 |    19 |    12 |    15 ||    96
       Potion            |       |       |       |       |       |     3 |     3 |     1 |     2 ||     9
 Stab: Sleeping          |       |       |       |     1 |     1 |       |       |       |       ||     2
       Invisible         |       |       |       |       |     8 |       |     4 |     4 |       ||    16
  Eat: Chunk             |     1 |    10 |    17 |    27 |    43 |    28 |    31 |    35 |    27 ||   219
       Ration            |       |       |       |       |     1 |     3 |     2 |       |     2 ||     8
Armor: Scale mail        |    51 |   218 |    53 |       |       |       |       |       |       ||   322
       Chain mail        |       |       |   182 |    73 |   220 |   210 |       |       |       ||   685
       Plate armour      |       |       |       |    88 |       |       |       |       |       ||    88
       Ring mail         |       |       |       |   206 |   252 |       |       |       |       ||   458
       Crystal plate arm |       |       |       |       |       |   605 |   316 |       |       ||   921
       Gold dragon scale |       |       |       |       |       |       |   211 |   475 |   478 ||  1164
Dodge: Dodged            |    52 |   123 |   103 |   262 |   436 |   392 |   215 |   264 |   293 ||  2140
Block: Shield            |    68 |   223 |   182 |   446 |   691 |   552 |       |       |       ||  2162
       Reflection        |       |       |       |       |       |   198 |   186 |    44 |       ||   428
       Large shield      |       |       |       |       |       |  1236 |  1681 |  1793 |  2043 ||  6753

Table legend:
 A = Non-vault XP
 B = Vault XP
 C = Vault XP percentage of total XP
 D = Non-vault monster count
 E = Vault monster count
 F = Vault count percentage of total count
                 A         B        C        D         E       F
            +---------+---------+-------+---------+---------+-------
      Total |  802037 |  589174 |  42.3 |    1488 |     801 |  35.0
            +---------+---------+-------+---------+---------+-------
        D:1 |      42 |       4 |   8.7 |      19 |       2 |   9.5
        D:2 |     129 |      36 |  21.8 |      32 |      11 |  25.6
        D:3 |     135 |       0 |   0.0 |      32 |       0 |   0.0
        D:4 |     210 |      99 |  32.0 |       9 |       1 |  10.0
        D:5 |     673 |       0 |   0.0 |      25 |       0 |   0.0
        D:6 |     577 |       0 |   0.0 |      14 |       0 |   0.0
        D:7 |    1088 |       0 |   0.0 |      21 |       0 |   0.0
        D:8 |    2758 |     559 |  16.9 |      35 |       4 |  10.3
        D:9 |    1027 |       0 |   0.0 |      16 |       0 |   0.0
       D:10 |    1867 |    1451 |  43.7 |      16 |       9 |  36.0
       D:11 |    1906 |     835 |  30.5 |      21 |       1 |   4.5
       D:12 |    6519 |    6476 |  49.8 |      25 |       9 |  26.5
       D:13 |    7625 |     100 |   1.3 |      18 |       1 |   5.3
       D:14 |   11721 |    1600 |  12.0 |      35 |       4 |  10.3
       D:15 |   15909 |    3524 |  18.1 |      54 |       6 |  10.0
     Lair:1 |    1902 |     111 |   5.5 |       8 |       1 |  11.1
     Lair:2 |    4122 |    4042 |  49.5 |      19 |      29 |  60.4
     Lair:3 |    3067 |    1180 |  27.8 |      15 |      11 |  42.3
     Lair:4 |   10815 |    1473 |  12.0 |      34 |       3 |   8.1
     Lair:5 |    7404 |     557 |   7.0 |      28 |       3 |   9.7
     Lair:6 |    3768 |   18515 |  83.1 |      11 |      74 |  87.1
   Shoals:1 |    6853 |     884 |  11.4 |      17 |       1 |   5.6
   Shoals:2 |   10829 |    3544 |  24.7 |      24 |       4 |  14.3
   Shoals:3 |   16375 |    2434 |  12.9 |      34 |       7 |  17.1
   Shoals:4 |   24318 |   22008 |  47.5 |      47 |      35 |  42.7
    Snake:1 |   21213 |    1893 |   8.2 |      40 |       5 |  11.1
    Snake:2 |   20880 |    1662 |   7.4 |      40 |       4 |   9.1
    Snake:3 |   28663 |       0 |   0.0 |      55 |       0 |   0.0
    Snake:4 |   11394 |   44767 |  79.7 |      23 |      63 |  73.3
      Orc:1 |    2354 |    9826 |  80.7 |      39 |      50 |  56.2
      Orc:2 |    1007 |   10815 |  91.5 |      19 |      47 |  71.2
      Elf:1 |   19855 |    9185 |  31.6 |      31 |      15 |  32.6
      Elf:2 |   17438 |   24365 |  58.3 |      29 |      28 |  49.1
      Elf:3 |   15980 |   65146 |  80.3 |      27 |      47 |  63.5
   Vaults:1 |   38651 |   30203 |  43.9 |      71 |      41 |  36.6
   Vaults:2 |   47984 |   11249 |  19.0 |      75 |      18 |  19.4
   Vaults:3 |    7680 |   10683 |  58.2 |      13 |      13 |  50.0
   Vaults:4 |   41238 |   50073 |  54.8 |      60 |      46 |  43.4
   Vaults:5 |   20033 |   97280 |  82.9 |      37 |      72 |  66.1
   Depths:1 |   29751 |    3616 |  10.8 |      40 |       6 |  13.0
   Depths:2 |   35373 |    4612 |  11.5 |      43 |       4 |   8.5
   Depths:3 |   32164 |   31098 |  49.2 |      39 |      35 |  47.3
   Depths:4 |   34871 |   35115 |  50.2 |      27 |      26 |  49.1
   Depths:5 |   48481 |   19859 |  29.1 |      49 |      17 |  25.8
      Zot:1 |   37627 |       0 |   0.0 |      24 |       0 |   0.0
      Zot:2 |   47494 |       0 |   0.0 |      27 |       0 |   0.0
      Zot:3 |   38987 |    6286 |  13.9 |      29 |       4 |  12.1
      Zot:4 |   50627 |    2360 |   4.5 |      35 |       1 |   2.8
      Zot:5 |   10653 |   43134 |  80.2 |       7 |      12 |  63.2
      IceCv |       0 |    6515 | 100.0 |       0 |      31 | 100.0
            +---------+---------+-------+---------+---------+-------
